Map: Catalyst LE

Players

ChazMan - Winner!

  • Race: Zerg Zerg
  • League: Diamond
  • Spawn Location: 5:00

dry

  • Race: Protoss Protoss
  • Spawn Location: 11:00

VOD

Have the link to the VOD?

Description

Time

  • Played on: Nov. 17, 2017, 3:51 p.m.
  • Length: 1:54
Show
View Real Time Build Order
Export as new Build Order

ChazMan Zerg - Winner!

Build Orders: Pool First 

Get SALT Encoding   

  12  0:18  Spawning Pool  
  11  0:22  Drone  
  12  0:29  Drone  
  12  0:35  Drone  
  14  0:40  Overlord  
  14  1:05  Zergling x4  
  14  1:06  Zergling x2  
  17  1:18  Hatchery  
  17  1:22  Drone  
  17  1:27  Drone  
  20  1:41  Extractor  
Show
View Real Time Build Order
Export as new Build Order

dry Protoss 

Build Orders:  

Get SALT Encoding   

  12  0:01  Probe  
  13  0:13  Probe  
  14  0:21  Pylon  
  14  0:25  Probe  
  15  0:39  Probe (Chrono Boost)  
  15  0:42  Gateway  
  17  0:51  Probe (Chrono Boost)  
Tags
 
League
Diamond
Matchup
PvZ
Opening
Pool First
Spawn Locations
Cross Positions
Add a new tag
Caveats
  • Supply blocks, unpowered buildings, or Contaminate may cause inaccurate times.
  • Supply counts are checked every 10 seconds.